 Dungeon Crawl Stone Soup version 0.17.2-1-ge4368a0 (webtiles) character file.

487 Goblin1989 the Cudgeler (level 6, 0/45 HPs)
             Began as a Demonspawn Hunter on Oct 24, 2016.
             Was an Initiate of Gozag.
             Shot with an arrow by a centaur (6 damage)
             ... on level 6 of the Dungeon.
             The game lasted 00:30:58 (2869 turns).

Goblin1989 the Cudgeler (Demonspawn Hunter)         Turns: 2869, Time: 00:30:59

Health: 0/45       AC: 10    Str: 11 (14) XL:     6   Next: 89%
Magic:  6/6        EV: 10    Int: 14      God:    Gozag
Gold:   523        SH:  0    Dex:  6 (14) Spells: 0 memorised, 5 levels left

rFire  . . .     SeeInvis .     a - +0 flail
rCold  . . .     Clarity  .     l - +1 ring mail
rNeg   . . .     SustAt   .     (no shield)
rPois  .         Gourm    .     (no helmet)
rElec  .         Spirit   .     (no cloak)
rCorr  .         Warding  .     (no gloves)
rMut   .         Stasis   .     (no boots)
MR     .....                    (no amulet)
Stlth  ..........               (no ring)
                                q - +2 ring of intelligence

@: not resistant to hostile enchantments, extremely unstealthy
A: talons 2, iridescent scales 1, powered by pain 1
a: Potion Petition, Call Merchant, Bribe Branch, Renounce Religion


You were on level 6 of the Dungeon.
You worshipped Gozag.
Gozag was noncommittal.
You were hungry.

You visited 1 branch of the dungeon, and saw 6 of its levels.

You collected 546 gold pieces.
You paid 23 gold pieces to Gozag.

Inventory:

Hand Weapons
 a - a +0 flail (weapon)
 b - a +1 hand crossbow
Missiles
 d - 33 bolts
Armour
 k - a cursed -2 ring mail
 l - a +1 ring mail (worn)
 m - a cursed +0 chain mail
 o - a cursed +0 scale mail
Jewellery
 q - a +2 ring of intelligence (left hand)
Wands
 c - a wand of polymorph (12)
Potions
 s - 2 potions of resistance
Books
 f - a book of the Earth

   Spells                             Type                      Level
   a - Leda's Liquefaction            Hexes/Earth                  4
   b - Bolt of Magma                  Conjuration/Fire/Earth       5
   c - Statue Form                    Transmutation/Earth          6
   d - Iron Shot                      Conjuration/Earth            6
   e - Shatter                        Earth                        9
Comestibles
 e - 5 bread rations {@e1}
 h - 2 beef jerkies
 i - 3 meat rations {@e2}


   Skills:
 - Level 2.3 Fighting
 + Level 6.4 Maces & Flails
 - Level 3.6 Crossbows
 - Level 1.7 Dodging
 - Level 0.8 Stealth


You had 5 spell levels left.
You didn't know any spells.

Dungeon Overview and Level Annotations

Branches:
Dungeon (6/15)
 Temple: D:4-7

Altars:
Gozag
Kikubaaqudgha
Qazlal
Xom
Yredelemnul


Innate Abilities, Weirdness & Mutations

You have razor-sharp toenails.
You are partially covered in iridescent scales (AC +4).
You sometimes gain a little power by taking damage.


Message History

You take 1 damage, and have 12/45 hp.
The centaur shouts!
You hit the quasit but do no damage. Your kick misses the quasit.
The quasit is almost dead.
The quasit bites you but does no damage.
The quasit claws you.
* * * LOW HITPOINT WARNING * * *
The quasit claws you.
* * * LOW HITPOINT WARNING * * *
The centaur wields a shortbow.
The centaur shoots an arrow.
The arrow hits you.
* * * LOW HITPOINT WARNING * * *
You take 7 damage, and have 5/45 hp.
You hit the quasit but do no damage.
The quasit is almost dead.
The quasit misses you. x2
The quasit closely misses you. x3
The quasit claws you but does no damage.
The centaur shoots an arrow.
The arrow hits you.
You die...
Your body crumbles into a pile of gold. ███████

█.@5..█
█.███..█
... ██.█
█.8.. .█
█.... ..
.....⌂
..█
█.█...c
..█
█.█.8..
.██ █


You could see a centaur and a quasit.

Vanquished Creatures
  A centaur (D:3)
  An ogre (D:4)
  2 hounds
  An orc priest (D:3)
  An orc wizard (D:3)
  A centaur skeleton (D:5)
  The ghost of Goblin1989 the Ruffian, a weakling VSMo (D:4)
  3 adders
  4 gnolls (D:5)
  A shadow imp (D:5)
  2 adder zombies (D:5)
  A worm (D:3)
  4 giant geckos
  12 orcs
  6 bats
  2 giant cockroaches
  3 goblins
  5 hobgoblins
  4 jackals
  A quokka (D:2)
  A ball python (D:2)
  2 giant newts (D:2)
  A jackal zombie (D:5)
  5 kobolds
  5 rats
70 creatures vanquished.

Notes
Turn   | Place    | Note
--------------------------------------------------------------
     0 | D:1      | Goblin1989 the Demonspawn Hunter began the quest for the Orb.
     0 | D:1      | Reached XP level 1. HP: 16/16 MP: 1/1
    73 | D:1      | ololoev: yo gobbler
   159 | D:1      | Goblin1989: hi
   159 | D:1      | Goblin1989: зацени какого демонспавна я заделал
   159 | D:1      | Goblin1989: http://crawl.xtahua.com/crawl/morgue/Goblin1989/morgue-Goblin1989-20161023-020802.txt+
   214 | D:1      | Reached skill level 1 in Maces & Flails
   215 | D:1      | Gained mutation: You are partially covered in iridescent scales (AC +4). [demonic ancestry]
   215 | D:1      | Reached XP level 2. HP: 8/23 MP: 2/2
   441 | D:1      | ololoev: что в нем выдающегося?
   447 | D:1      | Goblin1989: ну
   447 | D:1      | Goblin1989: хотя бы то что я смог выиграть! :D
   447 | D:1      | Goblin1989: а если чесно
   447 | D:1      | Goblin1989: он больше всех очков у меня пока набрал из всех персов
   447 | D:1      | ololoev: таки да
   447 | D:1      | ololoev: теперь нужно выйти из 70к ходов и взять 20м очков
   447 | D:1      | Goblin1989: вот именно!
   447 | D:1      | Goblin1989: нужно поднимать планку!
   447 | D:1      | Goblin1989: и еще нужно сделать нормального DsGl, с 15-ю рунами
   447 | D:1      | Goblin1989: а не с 3-я как у меня пока есть
   456 | D:1      | ololoev: вообще я заметил что примерно до 30-35м можно более-менее играть как обычно, просто меньше тратить время на исследования и чаще рисковать
   458 | D:1      | ololoev: нодальше начинаетс ппц
   458 | D:1      | ololoev: соверешнно другой подход
   458 | D:1      | ololoev: иначе из 40к ходов ты не выйдешь
   458 | D:1      | Goblin1989: ну по части экономии ходов четверка круче всех
   458 | D:1      | Goblin1989: кстати давно его не видел уже
   460 | D:1      | ololoev: четверка?
   463 | D:1      | ololoev: а
   475 | D:1      | ololoev: 4tharra
   486 | D:1      | ololoev: не
   489 | D:1      | ololoev: сар круче
   495 | D:1      | ololoev: тьфу
   497 | D:1      | ololoev: сафер
   499 | D:1      | Goblin1989: да ну
   499 | D:1      | ololoev: но тут спорно
   499 | D:1      | Goblin1989: он вообще не играет почти
   499 | D:1      | ololoev: сафер заточен на ДД всяких
   499 | D:1      | Goblin1989: мне кажется ему с рекордом тупо повезло
   499 | D:1      | ololoev: а арру как ни посмотришь - он всяким говном играет и делает быстрые вины
   499 | D:1      | ololoev: ну как сказать
   499 | D:1      | ololoev: все игры в районе 50м+ - повезло
   499 | D:1      | ololoev: вопрос в мастерстве и количестве попыток
   499 | D:1      | Goblin1989: четверка последнее всермя играл в основном тролями
   499 | D:1      | Goblin1989: троли - не говно
   508 | D:2      | Found a basalt altar of Yredelemnul.
   515 | D:2      | Found an opulent altar of Gozag.
   516 | D:2      | Found a stormy altar of Qazlal.
   543 | D:2      | ololoev: не ну как сказать
   543 | D:2      | Became a worshipper of Gozag Ym Sagoz the Greedy
   544 | D:2      | ololoev: у него 40м+ побед много всеми расами
   603 | D:2      | ololoev: в конце ему походу грейтрейс захотелось сделать просто
   613 | D:2      | Goblin1989: выиграть за всех тролей?
   613 | D:2      | ololoev: да
   613 | D:2      | ololoev: ??greatrace
   613 | D:2      | beem: greatrace[1/2]: Ce: rast
                  | DD: WalkerBoh, elliptic, qw
                  | DE: elliptic, johnnyzero
                  | Dg: bmfx, clouded, minmay, Lasty
                  | Dr: eeviac, bmfx, Sharkman1231
                  | Ds: elliptic, Vizer, simm, bmfx, HDA, Sharkman1231, surr, minqmay
                  | Fe: madreisz, Yermak
                  | Fo: HDA, Yermak
                  | Gh: Basil, elliptic
                  | Gr: bmfx, araganzar
                  | Ha: elliptic
                  | HE: bmfx, johnnyzero, elliptic
   613 | D:2      | Goblin1989: мне кажется он просто решил сделать побольше выигрышей чтобы ермака по абсолютному числу очков обойти
   613 | D:2      | ololoev: пчему именно ермака?
   613 | D:2      | Goblin1989: ну он же первый был
   613 | D:2      | ololoev: а, типа на 1 место
   613 | D:2      | Goblin1989: теперь четверка первый
   613 | D:2      | ololoev: по сумме очков
   613 | D:2      | Goblin1989: ну по сумме
   617 | D:2      | ololoev: по мне так самая тупая ачивка
   713 | D:2      | ololoev: РениФени
   720 | D:2      | ReniFell: che
   731 | D:2      | ololoev: ibriados
   735 | D:2      | Goblin1989: кстати
   735 | D:2      | ReniFell: sam takoy(((((((((((999999999
   735 | D:2      | ololoev: too much 9999
   735 | D:2      | ReniFell: no
   735 | D:2      | Goblin1989: я тем демонспавном наконец-то научился лордов убивать
   735 | D:2      | ololoev: lol
   735 | D:2      | ololoev: a che ih ubivat?
   735 | D:2      | Goblin1989: всех с первого раза и без особых проблем
   735 | D:2      | ololoev: pust jivut
   737 | D:2      | ololoev: che zloy chtoli?
   766 | D:2      | ReniFell: omg chaotic evil
   769 | D:2      | Found a shimmering altar of Xom.
   777 | D:2      | ololoev: ya von dobriy
   794 | D:2      | ololoev: cerebova zabanil
   794 | D:2      | ReniFell: omg lawful good
   800 | D:2      | ololoev: chaotic good
   813 | D:2      | ololoev: weppon of chao
   819 | D:2      | ololoev: *s
   840 | D:2      | ReniFell: ((((((((((((99999999999
   922 | D:2      | ololoev: voobshe crawl otstoi nelzya igra chaotic good
   940 | D:2      | ReniFell: tfw ty chuew' bablo kruche chem gozawg
   942 | D:2      | ololoev: pust zin&tso prosto uberut drain i poiz ataki
   995 | D:2      | Gained mutation: You sometimes gain a little power by taking damage. [demonic ancestry]
   995 | D:2      | Reached XP level 3. HP: 23/28 MP: 3/3
  1019 | D:2      | Goblin1989: ну и?
  1019 | D:2      | Goblin1989: нафига мне ПБП с гозагом спрашивается?
  1019 | D:2      | Goblin1989: кроул блин
  1074 | D:2      | ReniFell: ez qozaq
  1089 | D:2      | Found an ancient bone altar of Kikubaaqudgha.
  1146 | D:2      | ReniFell: loh
  1285 | D:4      | Noticed Goblin1989's ghost (weakling VSMo)
  1293 | D:3      | Noticed a centaur
  1311 | D:3      | ReniFell: >>weakling
  1311 | D:3      | HP: 1/28 [centaur (7)]
  1319 | D:3      | Killed a centaur
  1319 | D:3      | Reached skill level 4 in Maces & Flails
  1319 | D:3      | Gained mutation: You have sharp toenails. [demonic ancestry]
  1319 | D:3      | Reached XP level 4. HP: 23/34 MP: 4/4
  1319 | D:3      | Gained mutation: You have razor-sharp toenails. [demonic ancestry]
  1319 | D:3      | Reached XP level 5. HP: 26/39 MP: 5/5
  1378 | D:3      | ololoev: ^qyes then
  1470 | D:2      | ReniFell: a hule ty taskaew; -ev
  1589 | D:2      | ReniFell: a ya blya udivlyaus' hule u nego 8 ev...
  2106 | D:3      | Reached skill level 5 in Maces & Flails
  2134 | D:4      | Reached XP level 6. HP: 38/45 MP: 6/6
  2253 | D:4      | Noticed an ogre
  2259 | D:4      | Killed an ogre
  2390 | D:4      | Killed Goblin1989's ghost
  2468 | D:5      | Entered Level 5 of the Dungeon
  2650 | D:5      | Reached skill level 6 in Maces & Flails
  2807 | D:6      | Found an opulent altar of Gozag.
  2869 | D:6      | Shot with an arrow by a centaur

Action                   |  1- 3 |  4- 6 || total
-------------------------+-------+-------++-------
Melee: Club              |    15 |       ||    15
       Short sword       |     7 |       ||     7
       Whip              |   188 |   145 ||   333
       Flail             |       |   112 ||   112
 Fire: Hand crossbow     |    12 |    21 ||    33
Invok: Potion Petition   |     1 |       ||     1
  Use: Scroll            |    10 |     2 ||    12
       Potion            |     1 |     5 ||     6
 Stab: Sleeping          |     1 |       ||     1
       Distracted        |       |     2 ||     2
  Eat: Royal jelly       |     1 |       ||     1
       Meat ration       |       |     1 ||     1
       Pizza             |       |     1 ||     1

Vault maps used:
D:1:      onia_arrival_mini_spirals, item_on_display_a
D:2:      kiku_gazebo_garden_becter, minitemple, xom_teletrap_fun
D:3:      lemuel_castle_with_subvaults, first_bread
D:5:      ashenzari_conservatory_becter
D:6:      minmay_temple_entry_trees, grunt_gozag_statues, uniq_edmund
